 Dungeon Crawl Stone Soup version 0.30.0-18-gc0e69614cb (webtiles) character file.

Game seed: 8323587999396291228

1688 Irreverend the Destroyer (level 8, -3/41 HPs)
             Began as a Deep Elf Conjurer on May 26, 2023.
             Was a Follower of Vehumet.
             Slain by Eustachio
             ... wielding a +0 falchion
              (6 damage)
             ... on level 6 of the Dungeon.
             The game lasted 00:13:52 (5518 turns).

Irreverend the Destroyer (Deep Elf Conjurer)        Turns: 5518, Time: 00:13:53

Health: -3/41      AC:  2    Str:  4    XL:     8   Next: 71%
Magic:  3/21       EV: 14    Int: 32    God:    Vehumet [*.....]
Gold:   204        SH:  0    Dex: 13    Spells: 14/21 levels left

rFire   . . .        f - +0 dagger (venom)
rCold   . . .        (no shield)
rNeg    + . .        a - +0 robe
rPois   .            (no helmet)
rElec   .            (no cloak)
rCorr   .            (no gloves)
SInv    .            (no boots)
Will    .....        (no amulet)
Stlth   +            B - +6 ring of intelligence
HPRegen 0.26/turn    g - ring of positive energy
MPRegen 0.17/turn

%: no passive effects
@: mighty, silenced
A: no striking features
a: Renounce Religion


You were on level 6 of the Dungeon.
You worshipped Vehumet.
Vehumet was aware of your devotion.
You visited 1 branch of the dungeon, and saw 6 of its levels.

You collected 204 gold pieces.

Inventory:

Hand Weapons
 e - a +0 dagger
 f - a +0 dagger of venom (weapon)
 y - a +0 dagger of flaming
Armour
 a - a +0 robe (worn)
Jewellery
 g - a ring of positive energy (right hand)
 i - an amulet of faith
 B - a +6 ring of intelligence (left hand)
Wands
 s - a wand of charming (18)
 v - a wand of mindburst (12)
 E - a wand of iceblast (7)
Scrolls
 c - 2 scrolls of noise {unknown}
 d - 2 scrolls of fear {unknown}
 m - a scroll of poison {unknown}
 n - a scroll of fog
 p - a scroll of silence
 q - 2 scrolls of blinking {unknown}
 u - a scroll of amnesia {unknown}
 w - 4 scrolls of identify {unknown}
 x - a scroll of acquirement {unknown}
 A - a scroll of teleportation {unknown}
 C - a scroll of enchant weapon {unknown}
 D - a scroll of immolation {unknown}
Potions
 b - a potion of magic
 h - a potion of might
 j - 2 potions of attraction {unknown}
 k - 2 potions of heal wounds {unknown}
 l - a potion of mutation {unknown}
 o - 3 potions of lignification {unknown}
 r - a potion of resistance {unknown}
 t - 3 potions of curing {unknown}
 z - a potion of ambrosia {unknown}


   Skills:
 + Level 6.7 Dodging
 - Level 2.4 Stealth
 + Level 7.4 Spellcasting
 * Level 9.3 Conjurations
 - Level 4.5 Hexes


You had 14 spell levels left.
You knew the following spells:

 Your Spells              Type           Power      Damage    Failure   Level
a - Magic Dart            Conj           100%       1d8       1%          1
b - Searing Ray           Conj           100%       2d8       1%          2
c - Fulminant Prism       Conj/Hex       27%        3d14      2%          4

Your spell library contained the following spells:

 Spells                   Type           Power      Damage    Failure   Level
 Foxfire                  Conj/Fire      100%       2x1d9     1%          1
 Dazzling Flash           Conj/Hex       100%       N/A       1%          3
 Summon Small Mammal      Summ           44%        N/A       4%          1
 Summon Guardian Golem    Hex/Summ       26%        N/A       4%          3
 Iskenderun's Mystic Bla  Conj/Tloc      41%        2d9       6%          4
 Call Canine Familiar     Summ           11%        N/A       12%         3
 Gell's Gravitas          Tloc           11%        N/A       12%         3
 Teleport Other           Tloc           11%        N/A       12%         3
 Passage of Golubria      Tloc           11%        N/A       36%         4
 Silence                  Hex/Air        13%        N/A       41%         5
 Dispersal                Tloc           5%         N/A       99%         6
 Lehudib's Crystal Spear  Conj/Erth      20%        10d6      100%        8


Dungeon Overview and Level Annotations

Branches:
Dungeon (6/15)             Temple (0/1) D:5

Altars:
Cheibriados
Vehumet

Annotations:
D:6 Eustachio


Message History

You kill the quokka!
The quokka's corpse disappears in a puff of smoke! (Press . to maintain the ray.)
The searing ray hits the sky beast!
The sky beast is severely wounded.
The searing ray hits the quokka!
You kill the quokka!
The quokka's corpse disappears in a puff of smoke!
The sky beast hits you. The sky beast shocks you.
The searing ray hits the sky beast!
You kill the sky beast!
Vehumet accepts your kill.
The searing ray misses Eustachio.
Eustachio casts a spell.
Eustachio blinks!
You start resting.
Eustachio is nearby!
An orc comes into view. It is wielding a +0 short sword.
You see here a sky beast corpse.
Eustachio casts a spell.
You closely miss the orc.
The orc shouts!
The orc misses you.
As you read the scroll labelled LOSCHU IPLEZARCH, it crumbles to dust.
The scroll dissolves into smoke.
It was a scroll of fog.
The orc hits you with a +0 short sword.
* * * LOW HITPOINT WARNING * * *
Eustachio closely misses you.
As you read the scroll labelled WATWOSI GITWO, it crumbles to dust.
A profound silence engulfs you.
It was a scroll of silence.
The orc hits you with a +0 short sword.
* * * LOW HITPOINT WARNING * * *
Eustachio hits you with a +0 falchion.
* * * LOW HITPOINT WARNING * * *
It was a potion of might.
You feel very mighty all of a sudden. The orc barely misses you.
Eustachio barely misses you.
You barely miss the orc. The orc closely misses you.
Eustachio hits you with a +0 falchion.
You die...

#### .... ..... .....
...... $.....# #########
.......###########.......#
.......5@@o§.......#####..
......§5###§..............
.<....#............#......
......####.........#......
##### #......†..#......
#......)..##.....
#...)......#####..
#..#.)....>... ....
..#...).......## ##


You could see Eustachio, an iron imp (summoned), a quasit (summoned) and an orc.

Vanquished Creatures
  Menkaure (D:4)
  A water moccasin (D:6)
  2 ice beasts
  A sky beast (D:6)
  3 ogres
  6 scorpions
  A howler monkey (D:5)
  4 hounds
  2 orc priests (D:3)
  3 iguanas
  Jessica (D:3)
  Ijyb (D:3)
  2 orc wizards
  A gnoll (D:1)
  4 adders
  A shadow imp (D:5)
  An ufetubus (D:4)
  A worm (D:2)
  3 dart slugs
  18 orcs
  6 endoplasms
  4 giant cockroaches
  6 goblins
  7 hobgoblins
  6 jackals
  3 quokkas
  5 ball pythons
  9 bats
  3 frilled lizards
  5 kobolds
  5 rats
116 creatures vanquished.

Vanquished Creatures (others)
  8 fulminant prisms
8 creatures vanquished.

Grand Total: 124 creatures vanquished

Notes
Turn   | Place    | Note
-------+----------+-------------------------------------------
     0 | D:1      | Irreverend the Deep Elf Conjurer began the quest for the
                  | Orb.
     0 | D:1      | Reached XP level 1. HP: 10/10 MP: 6/6
   155 | D:1      | Reached XP level 2. HP: 15/15 MP: 2/8
   158 | D:1      | Learned a level 2 spell: Searing Ray
   579 | D:1      | Reached skill level 5 in Conjurations
   579 | D:1      | Reached XP level 3. HP: 19/19 MP: 6/10
   795 | D:1      | Found a faded altar of an unknown god.
  1454 | D:2      | Reached XP level 4. HP: 24/24 MP: 3/11
  1993 | D:3      | Learned a level 4 spell: Fulminant Prism
  2438 | D:3      | Noticed Ijyb
  2442 | D:3      | Killed Ijyb
  2443 | D:3      | Reached skill level 1 in Hexes
  2443 | D:3      | Reached XP level 5. HP: 24/28 MP: 7/13
  3072 | D:3      | Reached skill level 6 in Conjurations
  3242 | D:3      | Noticed Jessica
  3245 | D:3      | Killed Jessica
  3419 | D:4      | Noticed an ogre
  3423 | D:4      | Killed an ogre
  3424 | D:4      | Reached XP level 6. HP: 32/32 MP: 8/15
  3702 | D:4      | Reached skill level 5 in Spellcasting
  4039 | D:4      | Noticed Menkaure
  4042 | D:4      | Killed Menkaure
  4043 | D:4      | Reached XP level 7. HP: 36/36 MP: 14/16
  4070 | D:4      | Found a radiant altar of Vehumet.
  4200 | D:4      | Became a worshipper of Vehumet
  4229 | D:5      | Entered Level 5 of the Dungeon
  4232 | D:5      | Reached skill level 7 in Conjurations
  4275 | D:5      | Reached skill level 5 in Dodging
  4633 | D:5      | Found a staircase to the Ecumenical Temple.
  4808 | D:5      | Reached skill level 8 in Conjurations
  4808 | D:5      | Reached XP level 8. HP: 36/41 MP: 11/19
  4994 | D:5      | Found a snail-covered altar of Cheibriados.
  5485 | D:6      | Reached * piety under Vehumet
  5485 | D:6      | Offered knowledge of Foxfire by Vehumet.
  5490 | D:6      | Noticed Eustachio
  5492 | D:6      | Reached skill level 9 in Conjurations
  5518 | D:6      | Slain by Eustachio

Illustrated notes

Levels and vault maps discovered:
D:1:      evilmike_arrival_fibonacci_small, layout_basic,
          shapermc_ecumenical_altar_acropolis, minmay_parallelograms
D:2:      layout_basic, minmay_octomino_e4
D:3:      cheibrodos_pilgrimage, layout_basic, uniq_jessica, uniq_ijyb
D:4:      layout_cave_pools, vehumet_crystals, uniq_menkaure
D:5:      layout_basic, mainiacjoe_overflow_alcove_2,
          minmay_temple_entry_mini_moons, minmay_fractal_squares_5
D:6:      layout_rooms, uniq_eustachio

Skill      XL: |  1  2  3  4  5  6  7  8 |
---------------+-------------------------+-----
Dodging        | 3 4 5 6 |  6.7
Conjurations   | 5 6 8 9 |  9.3
Spellcasting   | 4 5 6 7 |  7.4
Hexes          | 1 2 3 4 |  4.5
Stealth        | |  2.4

Action                     |  1- 3 |  4- 6 |  7- 9 || total
---------------------------+-------+-------+-------++-------
  Melee: Dagger            |       |     5 |     5 ||    10
   Cast: Magic Dart        |    37 |    38 |    19 ||    94
         Searing Ray       |    17 |    26 |    17 ||    60
         Fulminant Prism   |       |       |     8 ||     8
  Evoke: Wand              |       |     1 |     2 ||     3
    Use: Scroll            |       |       |     2 ||     2
         Potion            |       |       |     1 ||     1
 Armour: Robe              |     6 |     2 |       ||     8
  Dodge: Dodged            |     8 |    11 |    19 ||    38
